 Dungeon Crawl Stone Soup version 0.27-a0-1529-g1e82c303ef (webtiles) character file.

Game seed: 18072548402831285080

42 GrandHerb the Skirmisher (level 3, -9/31 HPs)
             Began as a Draconian Fighter on July 12, 2021.
             Mangled by Sigmund (11 damage)
             ... on level 2 of the Dungeon.
             The game lasted 00:15:18 (1777 turns).

GrandHerb the Skirmisher (Draconian Fighter)        Turns: 1777, Time: 00:15:18

Health: -9/31      AC:  5    Str: 19    XL:     3   Next: 35%
Magic:  4/4        EV: 10    Int:  8    God:
Gold:   89         SH:  0    Dex: 10    Spells: 3/3 levels left

rFire    . . .     SeeInvis .   e - +2 dagger (protect)
rCold    . . .     Faith    .   b - +0 kite shield
rNeg     . . .     Spirit   .   (armour unavailable)
rPois    .         Reflect  .   (helmet restricted)
rElec    .         Harm     .   (no cloak)
rCorr    .         Rampage  .   (no gloves)
Will     .....                  (no boots)
Stlth    +.........             (no amulet)
HPRegen  0.10/turn              (no ring)
MPRegen  0.09/turn              (no ring)

@: confused, mighty
A: AC +5, unfitting armour, cold-blooded
a: no special abilities


You were on level 2 of the Dungeon.
You visited 1 branch of the dungeon, and saw 2 of its levels.

You collected 89 gold pieces.

Inventory:

Hand Weapons
 a - a +0 long sword
 e - a +2 dagger of protection (weapon)
 f - a +1 dagger of holy wrath
Armour
 b - a +0 kite shield (worn)
Magical Staves
 h - a staff of fire
Scrolls
 i - a scroll of identify {unknown}
Potions
 d - a potion of magic {unknown}
 g - a potion of heal wounds


   Skills:
 + Level 3.6 Fighting
 + Level 2.4 Long Blades
 + Level 3.0 Dodging
 + Level 3.2 Shields
 + Level 0.8 Spellcasting
 + Level 1.0 Transmutations


You had 3 spell levels left.
You didn't know any spells.
Your spell library was empty.

Dungeon Overview and Level Annotations

Branches:
Dungeon (2/15)

Altars:

Annotations:
D:2 Sigmund


Innate Abilities, Weirdness & Mutations

Your plain brown scales are hard. (AC +5)
You cannot fit into any form of body armour.
You are cold-blooded and may be slowed by cold attacks.


Message History

You hit the goblin.
You kill the goblin!
You block something's attack. Something hits you.
Things that are here:
a +0 club; a goblin corpse You hit something.
You hear some strange, mumbled words.
You are confused.
You bump into the rock wall.
You hear some strange, mumbled words.
A puff of flame appears from out of thin air!
The puff of flame hits you.
You bump into the rock wall.
Something hits you.
You completely miss something. You tail-slap something.
Something completely misses you.
You bump into the rock wall.
You hear some strange, mumbled words.
A puff of flame appears from out of thin air!
The puff of flame misses you.
You closely miss something.
You feel less confused. Something hits you but does no damage.
You miss something. Something hits you!
* * * LOW HITPOINT WARNING * * *
You feel much better.
You hear some strange, mumbled words.
You are confused.
You feel very mighty all of a sudden. Something hits you but does no damage.
You bump into the rock wall.
You hear some strange, mumbled words.
A magic dart appears from out of thin air!
The magic dart hits you.
You closely miss something. Something hits you.
You bump into the rock wall.
Something hits you.
You bump into the rock wall.
Something hits you!
* * * LOW HITPOINT WARNING * * *
You bump into the rock wall.
Something hits you!
You die...

#..........
#..........
##########..........
#...................
#.......>...........
#...................
#............######
#...........K{.#
#............#@#
##############.# #.#
##### ..# #.... ...#
#.... ....# +....
...#.# ######....
....... ..........
#....... ######....


You could see a kobold.

Vanquished Creatures
  An adder (D:2)
  2 dart slugs (D:1)
  5 endoplasms (D:1)
  5 goblins
  2 hobgoblins
  3 ball pythons (D:1)
  A bat (D:1)
  3 frilled lizards
  5 kobolds
  3 rats (D:1)
30 creatures vanquished.

Notes
Turn   | Place    | Note
-------+----------+-------------------------------------------
     0 | D:1      | GrandHerb the Draconian Fighter began the quest for the
                  | Orb.
     0 | D:1      | Reached XP level 1. HP: 19/19 MP: 1/1
   446 | D:1      | Reached XP level 2. HP: 7/26 MP: 2/2
  1118 | D:1      | Found a faded altar of an unknown god.
  1212 | D:1      | Reached XP level 3. HP: 29/31 MP: 4/4
  1739 | D:2      | Noticed Sigmund
  1759 | D:2      | Reached skill level 1 in Transmutations
  1776 | D:2      | HP: 1/31 [something (12)]
  1777 | D:2      | Mangled by Sigmund

Illustrated notes

Levels and vault maps discovered:
D:1:      roderic_lyre, layout_rooms, hellmonk_ecumenical_altar_slurped_away
D:2:      layout_basic, uniq_sigmund

Skill      XL: |  1  2  3 |
---------------+----------+-----
Dodging        | 3 |  3.0
Transmutations | 1 |  1.0
Fighting       | |  3.6
Long Blades    | |  2.4
Shields        | |  3.2
Spellcasting   | |  0.8

Action                   || total
-------------------------++-------
Melee: Long sword        ||    36
       Tailslap          ||    11
       Dagger            ||    57
  Use: Potion            ||     3
Armor: Skin              ||    31
Dodge: Dodged            ||    44
Block: Kite shield       ||    45
       Rpst.: Long sword ||     7

Table legend: (Time is in decaauts)
 A = Elapsed time spent in this place.
 B = Non-inter-level travel time spent in this place.
 C = Inter-level travel time spent in this place.
 D = Time resting spent in this place.
 E = Time spent auto-exploring this place.
 F = Levels seen in this place.
 G = Mean time per level.
                   A        B        C        D        E       F      G
               +--------+--------+--------+--------+--------+-----+--------+
         Total |   1811 |   1539 |    272 |    782 |      0 |   2 |  905.5 |
       Dungeon |   1811 |   1539 |    272 |    782 |      0 |   2 |  905.5 |
               +--------+--------+--------+--------+--------+-----+--------+

Top non-repeatable levels by time:
     D:1: 1618 daAuts
     D:2: 192 daAuts
